[Event "*** SCC Grand Prix: Titled Tuesday Blitz"]
[Site "Chess.com"]
[Date "2020.06.09"]
[Round "1"]
[White "marianokar"]
[Black "Infernal_XaM"]
[Result "0-1"]
[WhiteElo "2409"]
[BlackElo "2772"]
[TimeControl "180+1"]
[EndTime "9:07:32 PDT"]
[Termination "Infernal_XaM won by checkmate"]

1. d4 Nf6 2. c4 g6 3. Nc3 Bg7 4. e4 O-O 5. Nf3 c5 6. d5 e6 7. Bd3 exd5 8. exd5 Re8+ 9. Ne2 b5 10. O-O bxc4 11.
Bxc4 d6 12. h3 Nbd7 13. Bb5 Bb7 14. Bf4 Qb6 15. Nc3 Re7 16. a4 a6 17. a5 Qc7 18.
Bc4 Ne4 19. Qd3 Ndf6 20. Nd2 Nxc3 21. bxc3 Nh5 22. Bh2 f5 23. g4 fxg4 24. hxg4 Nf6 25. f3 Nd7 26. f4 Rae8 27. Rf3 Nf6 28. Rg3 Ne4 29. Nxe4 Rxe4 30. Rf3 Qc8 31. f5 gxf5 32. gxf5 Be5 33. f6 Qg4+ 34. Kh1 Kf7 35. Rg1 Qh5 36. Rh3 Rh4 37. Rxh4 Qxh4 38. Qf5 Qxh2# 0-1

[Event "*** SCC Grand Prix: Titled Tuesday Blitz"]
[Site "Chess.com"]
[Date "2020.06.09"]
[Round "1"]
[White "DrBergerBerger"]
[Black "Msb2"]
[Result "0-1"]
[WhiteElo "2436"]
[BlackElo "2848"]
[TimeControl "180+1"]
[EndTime "9:07:33 PDT"]
[Termination "Msb2 won on time"]

1. e4 e6 2. d4 d5 3. exd5 exd5 4.
Nf3 Nc6 5. h3 Bf5 6. Bd3 Nge7 7.
O-O Qd7 8. Re1 O-O-O 9. c3 Ng6 10. b4 Bd6 11. a4 Rde8 12. Be3 Kb8 13. Bb5 Re7 14. Nbd2 Nf4 15. Bxf4 Rxe1+ 16. Qxe1 Bxf4 17. Nb3 Re8 18. Qf1 Qd6 19. Re1 Rxe1 20. Qxe1 Ne7 21. Nc5 c6 22. Bd3 Bc8 23. a5 b6 24. axb6 axb6 25.
Na4 Kc7 26. g3 Bh6 27. Kg2 g6 28. Qe5 Qxe5 29. Nxe5 f6 30. Ng4 Bg7 31. f4 Nf5 32. Kf3 Nd6 33. h4 Ne4 34. Ne3 b5 35. Nc5 Nxc3 36. h5 f5 37. hxg6 hxg6 38. g4 Bxd4 39.
gxf5 Bxe3 40. Kxe3 Bxf5 41. Bxf5 gxf5 42. Kd4 Ne4 43.
Ne6+ Kd6 44. Ng7 Ng3 45. Ne8+ Kd7 46. Ng7 Ke7 47. Ke5 d4 0-1

[Event "*** SCC Grand Prix: Titled Tuesday Blitz"]
[Site "Chess.com"]
[Date "2020.06.09"]
[Round "1"]
[White "Evgeny81"]
[Black "eCztery"]
[Result "1-0"]
[WhiteElo "2749"]
[BlackElo "2401"]
[TimeControl "180+1"]
[EndTime "9:07:33 PDT"]
[Termination "Evgeny81 won by checkmate"]

1. d4 d5 2. Nf3 Nf6 3. Bf4 e6 4. e3 c5 5. c3 Nc6 6. Bd3 Bd6 7.
Bg3 O-O 8. Nbd2 Qe7 9. O-O e5 10. dxc5 Bxc5 11. e4 dxe4 12. Nxe4 Nxe4 13. Bxe4 Bg4 14.
Qc2 Bxf3 15. Bxf3 f5 16. Bd5+ Kh8 17. h3 e4 18. Rae1 Ne5 19. Bxe5 Qxe5 20. Bxb7 Rab8 21. Ba6 Rb6 22. Bc4 Rg6 23. Kh1 Qf4 24. Qe2 Rh6 25. g3 Rxh3+ 26. Kg2 Qh6 27. Rh1 Rxh1 28. Rxh1 Qc6 29. b4 Bb6 30. b5 Qf6 31. Bd5 h6 32. c4 f4 33. Bxe4 fxg3 34. fxg3 Qd4 35. Bf3 Bc5 36.
Rd1 Qc3 37. Qd3 Qb2+ 38. Rd2 Qf6 39. Re2 Bb6 40. Qe4 Rd8 41. Qc6 Qc3 42. Re8+ Kh7 43. Be4+ g6 44. Qxg6# 1-0

[Event "*** SCC Grand Prix: Titled Tuesday Blitz"]
[Site "Chess.com"]
[Date "2020.06.09"]
[Round "1"]
[White "BursaBBSatranc"]
[Black "annakantane"]
[Result "0-1"]
[WhiteElo "2520"]
[BlackElo "2159"]
[TimeControl "180+1"]
[EndTime "9:07:33 PDT"]
[Termination "annakantane won on time"]

1. d4 Nf6 2. Bf4 g6 3. e3 Bg7 4. Nf3 d6 5. h3 O-O 6. Be2 b6 7.
O-O Bb7 8. Bh2 c5 9. c3 Ne4 10. Nbd2 Nd7 11. a4 a6 12. Qb3 e5 13. dxe5 dxe5 14.
Rfd1 Qe7 15. Nc4 Qe6 16. Rxd7 Qxd7 17. Nxb6 Qe7 18. Nxa8 Rxa8 19. Nxe5 Nd2 20. Qc2 Bxe5 21. Bxe5 Qxe5 22. Qxd2 Qg5 23. Bf1 Rd8 24. Qe2 Qd5 25. e4 Qb3 26. f3 Kg7 27. a5 h5 28. Ra3 Qe6 29. Qc4 Qe5 30. Ra1 Rd2 31. b4 cxb4 32. Qxb4 Bc8 33. Re1 Bxh3 34. Re2 Rd1 35. Kf2 Be6 36. Re1 Rd2+ 37. Re2 Rd7 38. Re1 h4 39.
Qb6 Qg3+ 40. Ke2 Bc4+ 0-1

[Event "*** SCC Grand Prix: Titled Tuesday Blitz"]
[Site "Chess.com"]
[Date "2020.06.09"]
[Round "1"]
[White "chesslh19"]
[Black "Arkady_Gitelson"]
[Result "1/2-1/2"]
[WhiteElo "2108"]
[BlackElo "2502"]
[TimeControl "180+1"]
[EndTime "9:07:34 PDT"]
[Termination "Game drawn by agreement"]

1. e4 c5 2. Nf3 Nc6 3. d4 cxd4 4. Nxd4 e5 5. Nb5 d6 6. N1c3 a6 7.
Na3 b5 8. Nd5 Nce7 9. c4 Nxd5 10. exd5 bxc4 11. Nxc4 Nf6 12. Be3 Rb8 13. Be2 Be7 14. O-O O-O 15. a4 Bb7 16. Nb6 Nd7 17. a5 f5 18. f3 f4 19. Bf2 Nf6 20. b4 Qe8 21. Rc1 Bd8 22. Qb3 Bxb6 23. Bxb6 Bxd5 24.
Bc4 Qe6 25. Rfd1 Bxc4 26. Qxc4 Qxc4 27. Rxc4 d5 28. Rc6 e4 29. Bc5 Rfe8 30. fxe4 dxe4 31.
Rxa6 e3 32. Re1 Ne4 33. Rc6 Rec8 34. Rxc8+ Rxc8 35. g3 g5 36. gxf4 gxf4 37. Kg2 Nxc5 38. bxc5 Rxc5 39. Kf3 Rxa5 40. Kxf4 Ra2 41. Rxe3 Rxh2 42. Kg3 Ra2 43. Rf3 Kg7 44. Rf2 Ra3+ 45. Kg2 Kg6 46. Rf3 Ra2+ 47. Rf2 Ra4 48. Rf3 h5 49.
Rf8 h4 50. Rh8 Kg5 51. Kh3 Ra3+ 52. Kg2 Ra2+ 53. Kh3 Ra3+ 54. Kg2 Kg4 55. Rg8+ Kf4 56. Rf8+ Kg5 57. Rg8+ Kf5 58. Rh8 Rg3+ 59. Kh2 Kg4 60.
Rg8+ Kf3 61. Rh8 Rg4 62. Kh3 Rg1 63. Rf8+ Ke4 64. Kxh4 Rh1+ 65. Kg3 1/2-1/2

[Event "*** SCC Grand Prix: Titled Tuesday Blitz"]
[Site "Chess.com"]
[Date "2020.06.09"]
[Round "1"]
[White "FontVella8"]
[Black "sergiochess83"]
[Result "0-1"]
[WhiteElo "2435"]
[BlackElo "2837"]
[TimeControl "180+1"]
[EndTime "9:07:35 PDT"]
[Termination "sergiochess83 won by checkmate"]

1. e4 c5 2. Nf3 d6 3. d4 cxd4 4. Nxd4 Nf6 5. f3 Nc6 6. c4 Qb6 7. Nb3 e6 8. Nc3 Be7 9. Qe2 O-O 10. Be3 Qd8 11. Qd2 b6 12. Be2 Bb7 13. O-O Rc8 14.
Rfd1 a6 15. Bf1 Ne5 16. Qf2 Nfd7 17. Nd2 Re8 18. h3 Nc5 19. Nb3 Qc7 20. Nd4 Bf6 21. Rac1 Qb8 22. g4 Ng6 23. g5 Bxd4 24. Rxd4 e5 25. Rd2 Bc6 26. Rcd1 b5 27. Rxd6 Ne6 28. cxb5 axb5 29. Rxc6 Rxc6 30. Bxb5 Rxc3 31. Bxe8 Rxe3 32. Bxf7+ Kxf7 33. Qxe3 Ngf4 34. Qb3 Qa7+ 35. Kf1 Qa6+ 36. Kg1 Qc6 37. h4 Kg6 38. a4 Qc5+ 39. Kf1 Nd4 40. Qc3 Qa7 41. a5 Qa6+ 42. Kf2 Qe2+ 43. Kg3 Qg2# 0-1

[Event "*** SCC Grand Prix: Titled Tuesday Blitz"]
[Site "Chess.com"]
[Date "2020.06.09"]
[Round "1"]
[White "carlesdc96"]
[Black "VALPARAISO37"]
[Result "1-0"]
[WhiteElo "2731"]
[BlackElo "2381"]
[TimeControl "180+1"]
[EndTime "9:07:35 PDT"]
[Termination "carlesdc96 won on time"]

1. e4 e5 2. Nf3 Nc6 3. Bb5 a6 4. Ba4 Nf6 5. O-O b5 6. Bb3 Bc5 7. c3 d6 8. a4 Bb7 9. d3 O-O 10. h3 h6 11. Re1 Re8 12. Nbd2 Bb6 13. Nf1 Ne7 14. Ng3 Ng6 15. Be3 Bxe3 16. fxe3 d5 17. exd5 Nxd5 18. Qe2 Qd7 19. Rf1 Nf6 20. Nh2 Bd5 21.
Bxd5 Nxd5 22. Nf5 Nde7 23. Nxe7+ Qxe7 24. Qg4 Qe6 25. Qxe6 fxe6 26. Nf3 Red8 27. d4 exd4 28. exd4 Rab8 29. axb5 axb5 30. Rfe1 Rd6 31. Ra7 Rc6 32. Nd2 b4 33. Ne4 bxc3 34. bxc3 e5 35. d5 Rc4 36.
Re3 Nf4 37. d6 cxd6 38. Nxd6 Rb1+ 39. Kh2 Rc6 40. Nf5 Ne6 41. Ne7+ Kf7 42. Nxc6+ Kf6 43. Nxe5 Ng5 44. Ng4+ Kg6 45. Ra6+ Kh7 46. Re7 Kg8 47. Nxh6+ Kf8 48. Rc7 Rb8 49. Nf5 g6 50. Ne7 Ke8 51. Nxg6 Kd8 52. Rg7 Rb2 53. Ra8+ 1-0

[Event "*** SCC Grand Prix: Titled Tuesday Blitz"]
[Site "Chess.com"]
[Date "2020.06.09"]
[Round "1"]
[White "j2806"]
[Black "GM_LOADING"]
[Result "0-1"]
[WhiteElo "2029"]
[BlackElo "2495"]
[TimeControl "180+1"]
[EndTime "9:07:35 PDT"]
[Termination "GM_LOADING won by resignation"]

1. e4 e6 2. d4 d5 3. exd5 exd5 4.
Bd3 Bd6 5. h3 Ne7 6. Nf3 Nbc6 7.
Bg5 f6 8. Bh4 Bf5 9. O-O Qd7 10.
c3 O-O-O 11. Bg3 Bxg3 12. fxg3 Rhe8 13. g4 Bxd3 14. Qxd3 Ng6 15. Nbd2 Nf4 16. Qxh7 Re2 17. Rf2 Rxf2 18. Kxf2 Re8 19. Re1 Rxe1 20. Kxe1 Nxg2+ 21. Kf2 Nf4 22. Ne1 Qe6 23. Qf5 Qxf5 24. gxf5 Nxh3+ 25. Kg3 Ng5 26. Kg4 Kd7 27. Nef3 Nf7 28. Kh5 Ne7 29. Nh4 Nh6 30. Ndf3 c6 31. Nh2 Nhxf5 32. Nxf5 Nxf5 33. Kg6 Ke6 34. Ng4 Nd6 35. Kxg7 f5 36. Nf2 Ne4 37. Nd1 f4 38. Kg6 f3 39. Kh5 f2 40. Ne3 Ng3+ 41.
Kg4 f1=Q 42. Nxf1 Nxf1 43. Kf3 Nd2+ 44. Ke2 Nc4 45. b3 Nd6 46. Kd3 b5 47. a3 Kf5 48.
c4 bxc4+ 49. bxc4 Nxc4 50. Kc3 a5 51. a4 Nb6 52. Kb3 Ke4 53. Kc3 Nxa4+ 54. Kb3 Nb6 55. Kc3 Nd7 56. Kb3 Kxd4 57. Ka4 c5 58. Kxa5 c4 59. Kb5 c3 60. Kc6 c2 61. Kxd7 c1=Q 62. Kd6 Qh6+ 0-1

[Event "*** SCC Grand Prix: Titled Tuesday Blitz"]
[Site "Chess.com"]
[Date "2020.06.09"]
[Round "1"]
[White "Gennady_Kozlov"]
[Black "Morshynska"]
[Result "1-0"]
[WhiteElo "2573"]
[BlackElo "2217"]
[TimeControl "180+1"]
[EndTime "9:07:36 PDT"]
[Termination "Gennady_Kozlov won by checkmate"]

1. b3 e5 2. Bb2 Nc6 3. e3 f6 4.
d4 exd4 5. exd4 d5 6. Nf3 Bd6 7.
Bd3 Nge7 8. O-O Bf5 9. Bxf5 Nxf5 10. Qd3 Nfe7 11. a3 Qd7 12. c4 Qf5 13. Qxf5 Nxf5 14.
Re1+ Kf7 15. cxd5 Nce7 16. Nc3 a6 17. Re6 Rad8 18. Rae1 h5 19. h3 h4 20. Bc1 Rd7 21. R6e4 g5 22. Re6 Ng6 23. Nxg5+ fxg5 24. Bxg5 Be7 25.
Ne4 Rxd5 26. Bxe7 Nfxe7 27. Nf6 Rxd4 28. Ng4 Rhd8 29. Kh2 Rd1 30. R1e3 Rc1 31. Rf6+ Kg7 32. Rfe6 Kf7 33. g3 hxg3+ 34. fxg3 Rd2+ 35. Re2 Rcc2 36. Rf6+ Kg7 37. Rxd2 Rxd2+ 38. Kg1 Nd5 39. Rf3 Rb2 40. h4 c6 41. h5 Nge7 42. h6+ Kh7 43. Rf7+ Kh8 44. Ne5 a5 45. Rg7 Rxb3 46. Nf7# 1-0

[Event "*** SCC Grand Prix: Titled Tuesday Blitz"]
[Site "Chess.com"]
[Date "2020.06.09"]
[Round "1"]
[White "Grieve72"]
[Black "praveenb2002"]
[Result "0-1"]
[WhiteElo "2402"]
[BlackElo "2753"]
[TimeControl "180+1"]
[EndTime "9:07:39 PDT"]
[Termination "praveenb2002 won on time"]

1. e4 c6 2. d4 d5 3. e5 Bf5 4. h4 h5 5. Bd3 Bxd3 6. Qxd3 e6 7.
Bg5 Qb6 8. Nd2 Qa6 9. c4 Bb4 10.
b3 Ne7 11. Nf3 Nf5 12. O-O O-O 13. Rfd1 c5 14. Nf1 cxd4 15. cxd5 Qxd3 16. Rxd3 exd5 17. Ng3 Nxg3 18. fxg3 Nc6 19. Rc1 Bc3 20. Rdd1 Rfe8 21. Bf4 f6 22. exf6 gxf6 23. Kf1 Re6 24. Bd2 Bb2 25. Rc2 Ba3 26. Bf4 Rae8 27. Nxd4 Nxd4 28. Rxd4 Re1+ 29. Kf2 b6 30. b4 a5 31. Rxd5 Bxb4 32.
g4 hxg4 33. Rd7 R1e7 34. Rcc7 Rxd7 35. Rxd7 Be1+ 36. Kf1 Bxh4 37. g3 Bg5 38. Bxg5 fxg5 39. Rd5 Re4 40. Rxg5+ Kf7 41. Rb5 Re6 42. Kf2 Rf6+ 43.
Kg2 Rc6 0-1

[Event "*** SCC Grand Prix: Titled Tuesday Blitz"]
[Site "Chess.com"]
[Date "2020.06.09"]
[Round "1"]
[White "nonsopolo1"]
[Black "Kildepiotr"]
[Result "0-1"]
[WhiteElo "2264"]
[BlackElo "2593"]
[TimeControl "180+1"]
[EndTime "9:07:39 PDT"]
[Termination "Kildepiotr won by resignation"]

1. e4 g6 2. d4 Bg7 3. Nc3 c6 4. Be3 d5 5. Qd2 dxe4 6. Nxe4 Nf6 7. Nxf6+ Bxf6 8. h4 h5 9. O-O-O Be6 10. Kb1 Qd5 11.
c4 Bf5+ 12. Ka1 Qd7 13. Nf3 Na6 14. Ng5 Nc7 15. f3 Ne6 16. d5 Nxg5 17. hxg5 Bg7 18.
Bd4 O-O 19. g4 hxg4 20. Qh2 f6 21. fxg4 Be4 22. Bd3 Bxd3 23. Rxd3 Kf7 24. gxf6 exf6 25. g5 Rh8 26. Qg1 Rxh1 27. Qxh1 Rh8 28. Qf1 f5 29. Bxg7 Kxg7 30. Qe1 Re8 31. Qc3+ Kg8 32. a3 Qe7 33. dxc6 Qe1+ 34. Qxe1 Rxe1+ 35. Ka2 bxc6 36. Rd8+ Kf7 37. Rd7+ Re7 38. Rxa7 Rxa7 0-1

[Event "*** SCC Grand Prix: Titled Tuesday Blitz"]
[Site "Chess.com"]
[Date "2020.06.09"]
[Round "1"]
[White "VladimirBelous"]
[Black "JulAnt"]
[Result "1-0"]
[WhiteElo "2720"]
[BlackElo "2375"]
[TimeControl "180+1"]
[EndTime "9:07:41 PDT"]
[Termination "VladimirBelous won by resignation"]

1. c4 g6 2. Nf3 Bg7 3. g3 e6 4. Bg2 Ne7 5. O-O O-O 6. Nc3 d5 7. cxd5 exd5 8. d4 c6 9. Re1 Bf5 10. Bf4 Nd7 11. Qd2 Re8 12. Bg5 Nf6 13. Ne5 Nc8 14.
g4 Be6 15. e4 dxe4 16. Nxe4 Nd6 17. Nc5 Qc7 18. Nxe6 Rxe6 19. Rac1 Rae8 20. Bf4 Qd8 21. h3 Nd5 22. Bg3 Qb6 23. Nd7 Qxd4 24. Red1 Qxd2 25. Rxd2 Ne4 26. Bxe4 Rxe4 27. Nc5 Re1+ 28. Rxe1 Rxe1+ 29. Kg2 Rb1 30. Re2 h6 31. Nxb7 Rxb2 32. Re8+ Kh7 33. Nd8 f5 34. gxf5 gxf5 35. Nxc6 f4 36. Bh4 Rxa2 37. Rd8 Ne3+ 38. Kf3 Nf5 39. Be7 Nxe7 40. Nxe7 Be5 41. Rd7 Ra3+ 42. Kg4 Bb2 43. Nd5+ Kg6 44. Nxf4+ Kf6 45. Rd6+ Ke5 46. Rxh6 Ra4 47.
Rh5+ Kf6 48. Rf5+ Kg7 49. Kh5 Bc1 50. Ne6+ Kh7 51. Rf7+ Kg8 52. Rc7 Re4 53. Rg7+ Kh8 54. Re7 Ra4 55. Kg6 1-0

[Event "*** SCC Grand Prix: Titled Tuesday Blitz"]
[Site "Chess.com"]
[Date "2020.06.09"]
[Round "1"]
[White "Dmitry_Konenkin"]
[Black "halfnatty"]
[Result "1-0"]
[WhiteElo "2380"]
[BlackElo "2680"]
[TimeControl "180+1"]
[EndTime "9:07:41 PDT"]
[Termination "Dmitry_Konenkin won by checkmate"]

1. d4 Nf6 2. Bg5 d5 3. Nd2 c5 4. e3 Nc6 5. Ngf3 Bf5 6. c3 e6 7. Bb5 Qb6 8. Qb3 Nd7 9. Bxc6 bxc6 10. Qxb6 axb6 11. O-O b5 12. a3 f6 13. Bh4 h5 14. Bg3 g5 15. h4 g4 16. Nh2 Bh6 17. Rfe1 c4 18. Nhf1 Bd3 19. Bf4 Bxf4 20. exf4 Kf7 21.
Ng3 c5 22. Re3 cxd4 23. cxd4 b4 24. f5 e5 25. dxe5 fxe5 26. Ree1 bxa3 27. bxa3 Rab8 28. Ndf1 d4 29. Nd2 c3 30. Nde4 c2 31. Ng5+ Kf6 32.
Rac1 Rb1 33. N3e4+ Bxe4 34. Nxe4+ Kxf5 35. Ng3+ Ke6 36.
Rxb1 cxb1=Q 37. Rxb1 Nc5 38. Kf1 e4 39. Ne2 Kd5 40. Rd1 d3 41. Nf4+ Kd4 42. g3 Rh6 43.
Ne2+ Kc4 44. Rc1+ Kd5 45. Nf4+ Kd4 46. Rb1 e3 47. fxe3+ Kxe3 48. Rd1 Ne4 49. Rxd3# 1-0

[Event "*** SCC Grand Prix: Titled Tuesday Blitz"]
[Site "Chess.com"]
[Date "2020.06.09"]
[Round "1"]
[White "maciejos95"]
[Black "dosto07"]
[Result "1/2-1/2"]
[WhiteElo "2504"]
[BlackElo "2106"]
[TimeControl "180+1"]
[EndTime "9:07:41 PDT"]
[Termination "Game drawn by agreement"]

1. e4 e5 2. Nf3 Nc6 3. d4 exd4 4. Nxd4 Nf6 5. Nxc6 bxc6 6. e5 Qe7 7. Qe2 Nd5 8.
c4 Nb6 9. Nd2 g6 10. b3 Bg7 11.
Bb2 a5 12. g3 a4 13. Bg2 O-O 14. O-O f6 15. Rae1 axb3 16. exf6 Qxe2 17. Rxe2 Bxf6 18. Bxf6 Rxf6 19. axb3 d5 20. Re8+ Rf8 21. Rfe1 Bf5 22. R8e7 Rf7 23. Re8+ Rf8 24. Rxa8 Rxa8 25. Nf1 Kf7 26.
cxd5 cxd5 27. Rc1 Ra7 28. Ne3 Be6 29. f4 Ke7 30. Rd1 c6 31. b4 Ra3 32. Nc2 Ra2 33. Nd4 Bd7 34. Rc1 Nc4 35. b5 Ne3 36. Re1 Rxg2+ 37.
Kh1 Rd2 38. Rxe3+ Kd6 39. bxc6 Bh3 40. Nf3 Rd1+ 41. Re1 Rxe1+ 42. Nxe1 Kxc6 43. Kg1 Kc5 44. Kf2 d4 45. Ke2 Bf5 46. Nf3 Bg4 47. Kf2 Bxf3 48. Kxf3 Kc4 49. Kf2 Kc3 50. g4 Kc2 51. f5 gxf5 52.
gxf5 d3 53. f6 d2 54. f7 d1=Q 55. f8=Q Qd4+ 56. Kg2 Qe4+ 57. Qf3 1/2-1/2

[Event "*** SCC Grand Prix: Titled Tuesday Blitz"]
[Site "Chess.com"]
[Date "2020.06.09"]
[Round "1"]
[White "Shuvalov"]
[Black "TigrVShlyape"]
[Result "0-1"]
[WhiteElo "2448"]
[BlackElo "2906"]
[TimeControl "180+1"]
[EndTime "9:07:42 PDT"]
[Termination "TigrVShlyape won on time"]

1. Nf3 Nf6 2. c4 g6 3. Nc3 Bg7 4. e4 d6 5. d4 O-O 6. Be2 e5 7.
O-O Nc6 8. d5 Ne7 9. Ne1 Nd7 10.
f3 f5 11. g4 f4 12. h4 a5 13. Bd2 Nc5 14. b3 c6 15. Ng2 Bd7 16. Be1 cxd5 17. cxd5 b5 18. Bf2 Qb8 19. a4 bxa4 20. bxa4 Rc8 21. Rb1 Qc7 22. Nb5 Qd8 23. Bxc5 Rxc5 24. Nxd6 Bxa4 25. Qxa4 Qxd6 26. Rfc1 Bf8 27. Kh2 Nc8 28.
Bb5 Rxc1 29. Rxc1 Qb4 30. Bc6 Qxa4 31. Bxa4 Bb4 32. Rc7 Nd6 33. Kg1 Rf8 34. Kf1 Rf7 35. Rxf7 Kxf7 36. Ke2 Ke7 37. Kd3 h6 38. h5 g5 39. Ke2 Kd8 40. Ne1 Bxe1 41. Kxe1 Kc7 42. Kd2 Kb6 43. Kd3 Kc5 44. Kc3 Nc4 45. Be8 Nb6 46. Bc6 a4 47. Be8 a3 48. Kb3 Nc4 0-1

[Event "*** SCC Grand Prix: Titled Tuesday Blitz"]
[Site "Chess.com"]
[Date "2020.06.09"]
[Round "1"]
[White "TregubovP"]
[Black "Rinas_Oleg"]
[Result "1-0"]
[WhiteElo "2577"]
[BlackElo "2228"]
[TimeControl "180+1"]
[EndTime "9:07:43 PDT"]
[Termination "TregubovP won on time"]

1. e4 c5 2. Nf3 Nc6 3. c3 d6 4. d4 cxd4 5. cxd4 Nf6 6. Nc3 g6 7. d5 Ne5 8. Nxe5 dxe5 9. Bb5+ Bd7 10. Qb3 Bg7 11. O-O O-O 12. Be3 Ne8 13. Bxd7 Qxd7 14. Qb5 Qxb5 15. Nxb5 a6 16. Nc3 Nd6 17. f3 Rac8 18.
Na4 Rc2 19. Rac1 Rfc8 20. Rxc2 Rxc2 21. Rc1 Rxc1+ 22. Bxc1 b5 23. Nc5 a5 24. b3 b4 25. Kf2 Nb5 26. Bb2 Nd6 27. Ke2 Kf8 28.
Kd3 Ke8 29. f4 f6 30. Ne6 Bh8 31. fxe5 fxe5 32. Bc1 Bf6 33. Be3 Nb5 34. Bb6 Nc3 35.
a4 Nd1 36. Bxa5 Nf2+ 37. Ke3 Ng4+ 38. Ke2 Nxh2 39. Bxb4 h5 40. a5 Kd7 41. a6 Kc8 42.
Nd8 Kb8 43. Nc6+ Ka8 44. Bxe7 Bxe7 45. Nxe7 Ng4 46. Nxg6 Nf6 47. d6 Ka7 48. Nxe5 Kxa6 49. d7 1-0

[Event "*** SCC Grand Prix: Titled Tuesday Blitz"]
[Site "Chess.com"]
[Date "2020.06.09"]
[Round "1"]
[White "GregShahade"]
[Black "novocane"]
[Result "1-0"]
[WhiteElo "2558"]
[BlackElo "2195"]
[TimeControl "180+1"]
[EndTime "9:07:43 PDT"]
[Termination "GregShahade won by resignation"]

1. e4 c5 2. Nf3 Nc6 3. d4 cxd4 4. Nxd4 e5 5. Nb5 d6 6. c4 Be7 7. Bd3 Be6 8. O-O Rc8 9. N5c3 Bg5 10. Bxg5 Qxg5 11.
Nd2 Nf6 12. Nd5 O-O 13. Nf3 Qh6 14. Qc1 Qg6 15. Nxf6+ Qxf6 16. Qe3 Bg4 17. Nd2 Nd4 18. f3 Be6 19. Rac1 h6 20. Rfd1 Rfd8 21. Bf1 Rc7 22.
Nb3 Nxb3 23. Qxb3 a6 24. Qb6 Rc6 25. Qxb7 Rdc8 26. b3 Qg5 27. Qb4 Qe3+ 28. Kh1 Qf2 29. Qd2 Qh4 30. Qe3 f5 31. exf5 Bxf5 32. Bd3 Bxd3 33.
Rxd3 Kh8 34. Rcd1 Rf8 35. Rxd6 Rxd6 36. Rxd6 Rd8 37. Rxd8+ Qxd8 38. h3 Qd1+ 39. Kh2 Qa1 40. a4 Qb2 41. c5 Qc2 42. Qxe5 Qxb3 43. c6 Qc2 44. c7 1-0

[Event "*** SCC Grand Prix: Titled Tuesday Blitz"]
[Site "Chess.com"]
[Date "2020.06.09"]
[Round "1"]
[White "David_Paravyan"]
[Black "cukus"]
[Result "1-0"]
[WhiteElo "2995"]
[BlackElo "2467"]
[TimeControl "180+1"]
[EndTime "9:07:45 PDT"]
[Termination "David_Paravyan won on time"]

1. e4 c6 2. d4 d5 3. e5 c5 4.
c3 Nc6 5. a3 e6 6. Nf3 c4 7.
Bf4 Na5 8. Nbd2 Qb6 9. Rb1 Bd7 10. Be2 Ne7 11. O-O Qc7 12. Qc1 Ba4 13. Bd1 Qd7 14. h4 Nc8 15. h5 h6 16. b4 cxb3 17.
Nxb3 Nxb3 18. Bxb3 Bxb3 19. Rxb3 Nb6 20. Qb1 Be7 21. g4 O-O-O 22. a4 Kb8 23. a5 Nc4 24.
Qa2 Ka8 25. Rfb1 Rb8 26. Nd2 g5 27. hxg6 fxg6 28. Nxc4 dxc4 29. Rb5 g5 30. Bg3 Qc6 31.
d5 exd5 32. e6 Qxe6 33. a6 b6 34. Qd2 Rbd8 35. Re1 Qd7 36. Rbb1 Bc5 37. Qe2 Rhe8 38. Qf3 Rxe1+ 39. Rxe1 Qc6 40. Re5 Rf8 41. Rxd5 Rc8 42. Rd8 1-0

[Event "*** SCC Grand Prix: Titled Tuesday Blitz"]
[Site "Chess.com"]
[Date "2020.06.09"]
[Round "1"]
[White "Fandorine"]
[Black "Love_craft"]
[Result "1-0"]
[WhiteElo "2897"]
[BlackElo "2441"]
[TimeControl "180+1"]
[EndTime "9:07:45 PDT"]
[Termination "Fandorine won by resignation"]

1. e4 g6 2. d4 Bg7 3. Nc3 d6 4. Be3 a6 5. f3 h5 6. Qd2 b5 7.
O-O-O Bb7 8. Nh3 Nd7 9. Ng5 Rc8 10. Kb1 c5 11. h4 c4 12. a3 e6 13. g3 Ndf6 14. Bh3 Qe7 15. d5 e5 16. Bxc8 Bxc8 17. Na2 Qc7 18. Nb4 Ne7 19. Nc6 O-O 20. Qa5 Qd7 21. Qb6 Bb7 22. Nxe7+ Qxe7 23. Bd2 Rb8 24.
Bb4 Ne8 25. Rhe1 Qd7 26. f4 Qc8 27. Qe3 Qc7 28. fxe5 Bxe5 29. Bc3 a5 30. Bxe5 dxe5 31. d6 Nxd6 32. Qf2 Rf8 33. Qd2 Nc8 34. Qd7 Qc5 35.
Rf1 Qe7 36. Qxe7 Nxe7 37. Rd7 Nc6 38. Rxb7 Nd4 39. Rfxf7 Rxf7 40. Rxf7 Ne2 41. Rb7 b4 42. axb4 axb4 43. Rxb4 c3 44. bxc3 Nxc3+ 45. Kb2 Nd1+ 46.
Kb3 Ne3 47. Rb5 Ng4 48. c4 Kf8 49. c5 Ke7 50. Rb6 Kd7 51. Rxg6 Nf2 52. Kc4 Nd1 53. c6+ Kc7 54. Kc5 Nc3 55. Ne6+ Kb8 56. Rg8+ Ka7 57.
c7 1-0

[Event "*** SCC Grand Prix: Titled Tuesday Blitz"]
[Site "Chess.com"]
[Date "2020.06.09"]
[Round "1"]
[White "platy3"]
[Black "MathiasWomacka"]
[Result "1-0"]
[WhiteElo "2746"]
[BlackElo "2399"]
[TimeControl "180+1"]
[EndTime "9:07:46 PDT"]
[Termination "platy3 won on time"]

1. e4 c5 2. Nf3 d6 3. d4 cxd4 4. Nxd4 Nf6 5. Nc3 a6 6. f3 e5 7. Nb3 Be6 8. Be3 Be7 9. Qd2 O-O 10. O-O-O Nbd7 11. g4 Qc7 12. g5 Nh5 13. Nd5 Bxd5 14. exd5 Nb6 15. Qb4 Rac8 16. c3 Nc4 17. Bxc4 Qxc4 18.
Qxb7 Rfe8 19. Kb1 Rb8 20. Qc6 Qxc6 21. dxc6 Rec8 22. Na5 Rb5 23. b4 Bd8 24. Nb7 Rxc6 25. Nxd8 Rxc3 26. Bc1 Rxb4+ 27. Ka1 Rb6 28. Bd2 Rc8 29. Rc1 Rxd8 30. Ba5 Rbb8 31. Bxd8 Rxd8 32. Rhd1 f6 33. Rc6 d5 34. h4 fxg5 35. hxg5 Nf4 36.
Rxa6 Rc8 37. Ra5 Rc3 38. Ra7 h5 39. gxh6 gxh6 40. Rb1 Rc8 41. Re7 Nd3 42. Rd1 Rc3 43. Rd7 d4 44. Rb1 1-0

[Event "*** SCC Grand Prix: Titled Tuesday Blitz"]
[Site "Chess.com"]
[Date "2020.06.09"]
[Round "1"]
[White "YaWaleriy"]
[Black "csati17"]
[Result "0-1"]
[WhiteElo "2239"]
[BlackElo "2581"]
[TimeControl "180+1"]
[EndTime "9:07:48 PDT"]
[Termination "csati17 won by resignation"]

1. d4 Nf6 2. c4 g6 3. Nc3 d5 4.
Nf3 Bg7 5. Bg5 c6 6. e3 O-O 7. Bd3 h6 8. Bh4 Bg4 9. h3 Bxf3 10. Qxf3 dxc4 11. Bxc4 Nbd7 12. O-O e5 13. Rad1 Qc7 14. Bg3 Qa5 15. d5 Rac8 16. d6 Qb4 17. Bb3 Rfe8 18. Rd2 Rcd8 19. Rfd1 Nc5 20. Bc2 Qxb2 21. e4 Qa3 22. Bh4 g5 23. Bg3 Nfd7 24.
Rd3 Nxd3 25. Rxd3 Qb4 26. Bb3 Nf6 27. Qd1 Rd7 28. a3 Qxa3 29. Nb5 Qc5 30. Nc7 Red8 31. Ne6 fxe6 32. Bxe6+ Kh7 33. Bxd7 Rxd7 34. Qf3 Rxd6 35.
Qf5+ Kh8 36. Rxd6 Qxd6 37. Bxe5 Qe7 38. Qc8+ Ne8 39. Bxg7+ Kxg7 40. Qf5 Nd6 41. Qc5 Qe6 42. e5 Nb5 43. g3 b6 44. Qe3 c5 45. Qe4 Nd4 46.
Qb7+ Kg6 47. Qe4+ Qf5 48. Qe3 Qxe5 49. Qd3+ Qf5 50. Qa6 Qb1+ 51. Kg2 Qe4+ 52. Kg1 Nf3+ 53. Kf1 Nd2+ 54. Kg1 Qe1+ 55. Kh2 Qxf2+ 0-1

[Event "*** SCC Grand Prix: Titled Tuesday Blitz"]
[Site "Chess.com"]
[Date "2020.06.09"]
[Round "1"]
[White "Pintacara"]
[Black "Dinamo81"]
[Result "1-0"]
[WhiteElo "2329"]
[BlackElo "2619"]
[TimeControl "180+1"]
[EndTime "9:07:49 PDT"]
[Termination "Pintacara won on time"]

1. d4 d5 2. Bg5 h6 3. Bh4 c6 4. c3 Qb6 5. Qb3 Bf5 6. Nd2 Nd7 7. f3 Ngf6 8. Nh3 e6 9. Nf2 Bh7 10. e4 Be7 11. Bd3 g5 12. Bg3 Nh5 13. O-O-O Qxb3 14. axb3 f5 15. exf5 exf5 16. Be5 Nxe5 17. dxe5 Nf4 18. Bf1 Kf7 19. Nd3 Ne6 20. g3 a5 21. f4 Bg6 22.
Be2 b5 23. h4 gxh4 24. gxh4 Rhg8 25. h5 Bh7 26. Rdg1 Rxg1+ 27. Rxg1 Rg8 28. Rxg8 Bxg8 29.
c4 b4 30. Bf3 Nc7 31. Nf1 Bh4 32. Ne3 dxc4 33. bxc4 Bh7 34. Bxc6 Bg3 35. Bd5+ Ke7 36. b3 Ne6 37. Bxe6 Kxe6 38. Nc5+ Kf7 39. Nd5 Bg8 40.
e6+ Ke8 41. Nf6+ Kf8 42. e7+ Kxe7 43. Nxg8+ Kf8 44. Nf6 Bxf4+ 45. Kd1 Kf7 46. Nd5 Be5 47. Nb7 a4 48. bxa4 b3 49. Nc5 b2 50. Kc2 f4 51. Nd3 1-0